[Event "*** SCC Grand Prix: Titled Tuesday Blitz"]
[Site "Chess.com"]
[Date "2020.07.07"]
[Round "9"]
[White "Evachess2006"]
[Black "HouseOfDurin"]
[Result "0-1"]
[WhiteElo "1615"]
[BlackElo "2026"]
[TimeControl "180+1"]
[EndTime "11:45:16 PDT"]
[Termination "HouseOfDurin won on time"]

1. e4 c5 2. c3 d5 3. exd5 Qxd5 4. d4 Nc6 5. Nf3 Bf5 6. Bb5 Bxb1 7. Rxb1 Nf6 8. Be3 cxd4 9. Qxd4 Qxb5 10. Qd2 Rd8 11. Qe2 Qxe2+ 12. Kxe2 e6 13. Rhd1 Be7 14. Rxd8+ Bxd8 15. Rd1 Nd5 16. c4 Nxe3 17. Kxe3 Bb6+ 18. Ke2 Ke7 19. a3 a5 20. Rd3 h6 21. Rb3 Nd4+ 22.
Nxd4 Bxd4 23. Rxb7+ Kf6 24. Rb5 Rc8 25. b3 a4 26. Kd3 Bxf2 27. bxa4 Bc5 0-1

[Event "*** SCC Grand Prix: Titled Tuesday Blitz"]
[Site "Chess.com"]
[Date "2020.07.07"]
[Round "9"]
[White "Nemsko"]
[Black "Stronger1799"]
[Result "0-1"]
[WhiteElo "2286"]
[BlackElo "2479"]
[TimeControl "180+1"]
[EndTime "11:45:18 PDT"]
[Termination "Stronger1799 won by resignation"]

1. e4 c5 2. Nf3 e6 3. d4 cxd4 4. Nxd4 Nf6 5. Nc3 d6 6. Be3 Be7 7. f3 O-O 8. Qd2 Nc6 9. O-O-O a6 10. g4 Nxd4 11. Bxd4 b5 12. g5 Nd7 13. h4 b4 14. Ne2 a5 15. Kb1 Bb7 16. Ng3 Ne5 17. Be2 Qc7 18. h5 Rfc8 19. f4 Nc6 20. Be3 a4 21. g6 b3 22. cxb3 axb3 23. a3 Bf6 24. f5 Nb4 25. gxf7+ Kxf7 26. fxe6+ Kg8 27. Bd3 Nxd3 28. Qxd3 Qc2+ 29. Qxc2 bxc2+ 30. Kc1 cxd1=Q+ 31. Kxd1 Bxb2 32. Nf5 Bxe4 33. Ne7+ Kf8 34. Nxc8 Bxh1 0-1

[Event "*** SCC Grand Prix: Titled Tuesday Blitz"]
[Site "Chess.com"]
[Date "2020.07.07"]
[Round "9"]
[White "dolynachess"]
[Black "gross-aleks"]
[Result "1-0"]
[WhiteElo "2471"]
[BlackElo "2602"]
[TimeControl "180+1"]
[EndTime "11:45:19 PDT"]
[Termination "dolynachess won by resignation"]

1. d4 Nf6 2. c4 e6 3. g3 d5 4.
Bg2 dxc4 5. Nf3 Nc6 6. O-O a6 7.
a4 Be7 8. Na3 Bb4 9. Nxc4 O-O 10. a5 Bd7 11. Qb3 Rb8 12. Rd1 Re8 13. Nfe5 Bd6 14.
Nxd7 Qxd7 15. Ne5 Qe7 16. Nxc6 bxc6 17. Qc4 c5 18. dxc5 Bxc5 19. Qxa6 Ng4 20. e3 Red8 21.
Qe2 Rxd1+ 22. Qxd1 Ne5 23. a6 Rd8 24. Qe2 Ba7 25.
Bd2 c5 26. Bc3 Nd3 27. Rd1 c4 28. b3 Qa3 29. Qg4 g6 30. Qxc4 Qd6 31. Bf1 1-0

[Event "*** SCC Grand Prix: Titled Tuesday Blitz"]
[Site "Chess.com"]
[Date "2020.07.07"]
[Round "9"]
[White "Alkhoori90"]
[Black "Stormeman100100"]
[Result "0-1"]
[WhiteElo "2262"]
[BlackElo "2439"]
[TimeControl "180+1"]
[EndTime "11:45:20 PDT"]
[Termination "Stormeman100100 won by resignation"]

1. e4 c5 2. f4 d5 3. Bb5+ Bd7 4.
Bxd7+ Qxd7 5. Nc3 dxe4 6. Nxe4 Nf6 7. Nxf6+ exf6 8. Nf3 Be7 9. O-O O-O 10. d3 Nc6 11. Bd2 b5 12. a4 a6 13. Be3 Nd4 14. Qd2 bxa4 15. Bxd4 cxd4 16. Rfe1 Rab8 17. Ra2 Bb4 18. c3 Bc5 19. Kh1 Rfe8 20. Rxe8+ Rxe8 21. cxd4 Bxd4 22. h3 Rb8 23. Qa5 Rxb2 24. Qxa4 Qxa4 25. Rxa4 Be3 26. Rxa6 Rb1+ 27. Kh2 Bxf4+ 28. g3 Rb2+ 29. Kg1 Bxg3 30. Ra8+ Rb8 31. Rxb8+ Bxb8 32. Nd4 Ba7 0-1

[Event "*** SCC Grand Prix: Titled Tuesday Blitz"]
[Site "Chess.com"]
[Date "2020.07.07"]
[Round "9"]
[White "Klaus1995"]
[Black "NowInChess"]
[Result "0-1"]
[WhiteElo "1875"]
[BlackElo "2147"]
[TimeControl "180+1"]
[EndTime "11:45:20 PDT"]
[Termination "NowInChess won by resignation"]

1. e4 c5 2. Nf3 Nc6 3. d4 cxd4 4. Nxd4 e5 5. Nb5 a6 6. Nd6+ Bxd6 7. Qxd6 Qe7 8. Qd1 Nf6 9. Nc3 d6 10. Bg5 Be6 11.
Qd2 h6 12. Bh4 Rd8 13. Bxf6 Qxf6 14. O-O-O O-O 15. Kb1 Nd4 16. Bd3 b5 17. a3 Rc8 18.
Nd5 Bxd5 19. exd5 Rc5 20. c3 Nf5 21. g4 Nh4 22. Be4 Rfc8 23. Rhg1 g5 24. Bc2 Nf3 25. Qd3 Nxg1 26. Qh7+ Kf8 27. Rxg1 Rxd5 28. h4 Qg7 29. Qf5 Rdc5 30. hxg5 Qxg5 31. Qh7 Qg7 32. Qe4 Rc4 33.
Qd5 Rxg4 34. Qxd6+ Kg8 35. Qd7 Rxg1+ 36. Ka2 Rf8 37. Bb3 Rg6 38. Qd3 h5 39. Qe4 Qh7 40.
Qxe5 h4 41. Qh2 h3 42. f4 Rg2 43. f5 Rxh2 0-1

[Event "*** SCC Grand Prix: Titled Tuesday Blitz"]
[Site "Chess.com"]
[Date "2020.07.07"]
[Round "9"]
[White "TwentyHourADay"]
[Black "tamarozi99"]
[Result "0-1"]
[WhiteElo "2323"]
[BlackElo "1990"]
[TimeControl "180+1"]
[EndTime "11:45:21 PDT"]
[Termination "tamarozi99 won by resignation"]

1. d4 Nf6 2. Nf3 g6 3. g3 Bg7 4.
Bg2 d6 5. O-O O-O 6. b3 a6 7.
Bb2 Nc6 8. d5 Na5 9. c4 c5 10.
Nbd2 b5 11. Qc2 Rb8 12. e4 Qb6 13. Rab1 e6 14. e5 dxe5 15. Bxe5 exd5 16. Bxb8 Bf5 17. Qc3 d4 18. Qc1 Bxb1 19. Qxb1 Qxb8 20. Qd3 bxc4 21.
bxc4 Nc6 22. a3 Qd6 23. Ng5 Ne5 24. Qc2 d3 25. Qa4 Rb8 26. Nge4 Nxe4 27. Nxe4 Qd4 28.
Rd1 Nxc4 29. Qc6 Ne5 30. Qc7 Rf8 31. Nxc5 d2 32. Nb3 Nc4 33. Bf3 Qc3 34. Nc5 Qxf3 0-1

[Event "*** SCC Grand Prix: Titled Tuesday Blitz"]
[Site "Chess.com"]
[Date "2020.07.07"]
[Round "9"]
[White "Infernal_XaM"]
[Black "GigaQuparadze"]
[Result "1-0"]
[WhiteElo "2963"]
[BlackElo "2886"]
[TimeControl "180+1"]
[EndTime "11:45:24 PDT"]
[Termination "Infernal_XaM won by resignation"]

1. d4 Nf6 2. c4 e6 3. Nf3 b6 4. g3 Bb4+ 5. Bd2 c5 6. Bxb4 cxb4 7. a3 bxa3 8. Nxa3 O-O 9. Bg2 Bb7 10. O-O a5 11.
Re1 Na6 12. Qd2 Rc8 13. Rac1 Nb4 14. h4 d6 15. Qf4 h6 16. Nb5 Ne8 17. b3 Ba6 18. Nc3 Nf6 19. Red1 d5 20. Ne5 dxc4 21. bxc4 Bxc4 22. g4 Nfd5 23. Nxd5 Nxd5 24. Qf3 b5 25. e4 Nb4 26. Qg3 Be2 27. Rxc8 Qxc8 28. Re1 Qc2 29. g5 hxg5 30. hxg5 Nd3 31. Rxe2 Qxe2 32. Nxd3 Qd1+ 33.
Bf1 a4 34. g6 Qh5 35. Nf4 Qh6 36. Bh3 a3 37. gxf7+ Kh7 38. Bxe6 g5 39. Bf5+ Kg7 40. Ne6+ Kxf7 41. Qc7+ Kg8 42. Nxf8 a2 43. Be6+ Kh8 44. Qe5+ Qg7 45. Qxg7+ 1-0

[Event "*** SCC Grand Prix: Titled Tuesday Blitz"]
[Site "Chess.com"]
[Date "2020.07.07"]
[Round "9"]
[White "Maghalashvili"]
[Black "GMNickPert"]
[Result "1/2-1/2"]
[WhiteElo "2758"]
[BlackElo "2654"]
[TimeControl "180+1"]
[EndTime "11:45:24 PDT"]
[Termination "Game drawn by agreement"]

1. Nf3 f5 2. g3 Nf6 3. Bg2 d6 4. O-O e5 5. d4 e4 6. Nh4 Be7 7. f3 O-O 8. Nc3 d5 9. fxe4 Nxe4 10. Nf3 Nc6 11. Bf4 g5 12. Be5 g4 13. Nd2 Nxe5 14. Ndxe4 dxe4 15. dxe5 Be6 16. e3 Qxd1 17. Raxd1 Rad8 18. Kf2 Rfe8 19. Ne2 Bf8 20. Nd4 Bc8 21. e6 Bxe6 22. Nxe6 Rxd1 23. Rxd1 Rxe6 24. Bf1 Rd6 25. Bc4+ Kg7 26. Rxd6 Bxd6 27. Be6 Kf6 28. Bc8 b5 29. b3 b4 30. Ke2 h5 31. Kf2 Be5 32.
Bd7 h4 33. Bc8 h3 34. Bd7 Bd6 35. Bc8 Bc5 36. Bd7 Ke5 37. Bc8 a5 38. Bd7 Be7 39. Bc8 c5 40. Bd7 Bd8 41. Bc8 Bc7 42. Bd7 Kf6 43. Bc8 Be5 44. Bd7 Bb2 45. Bc8 Ke5 46. Bd7 Bc1 47. Bc8 Bd2 48. Bd7 Bc3 49. Bc8 Kf6 50.
Bd7 Be5 51. Bc8 1/2-1/2

[Event "*** SCC Grand Prix: Titled Tuesday Blitz"]
[Site "Chess.com"]
[Date "2020.07.07"]
[Round "9"]
[White "Vandros57"]
[Black "PauloCesarCosta_sad"]
[Result "1/2-1/2"]
[WhiteElo "2109"]
[BlackElo "2199"]
[TimeControl "180+1"]
[EndTime "11:45:24 PDT"]
[Termination "Game drawn by agreement"]

1. d4 d5 2. Nf3 Nf6 3. c4 c6 4. e3 e6 5. Nbd2 Nbd7 6. Bd3 Bd6 7. O-O O-O 8. e4 dxe4 9. Nxe4 Nxe4 10. Bxe4 h6 11. Bc2 Qe7 12. Qd3 f5 13. Re1 b6 14.
d5 cxd5 15. cxd5 e5 16. Nd4 Nc5 17. Qh3 Qf7 18. Nb5 Qd7 19. Nxd6 Qxd6 20. Be3 Qxd5 21. Rad1 Qc6 22. Bxc5 Qxc5 23. Bb3+ Kh8 24. Rd5 Qb4 25. Rdxe5 Bd7 26. Re7 Rae8 27. Rxe8 Rxe8 28. Rxe8+ Bxe8 29. Qe3 1/2-1/2

[Event "*** SCC Grand Prix: Titled Tuesday Blitz"]
[Site "Chess.com"]
[Date "2020.07.07"]
[Round "9"]
[White "XDPS"]
[Black "Kavyev_Ruslan"]
[Result "1-0"]
[WhiteElo "2721"]
[BlackElo "2548"]
[TimeControl "180+1"]
[EndTime "11:45:26 PDT"]
[Termination "XDPS won by resignation"]

1. d4 Nf6 2. Nf3 g6 3. Nbd2 d5 4. e3 Bg7 5. b4 O-O 6. c4 a5 7.
b5 c5 8. dxc5 Ne4 9. Nxe4 dxe4 10.
Nd4 Nd7 11. Ba3 Ne5 12. Be2 h5 13. O-O Qc7 14. Qc2 Bg4 15. Qxe4 Bxe2 16. Nxe2 Ng4 17. g3 Bxa1 18. Rxa1 Qe5 19. Qxe5 Nxe5 20. Rc1 Rfd8 21. Nd4 Rac8 22. Rc3 e6 23. Kg2 Rc7 24. h3 Rdc8 25. c6 bxc6 26. Bd6 cxb5 27. Nxb5 Rxc4 28. Bxe5 Rxc3 29.
Nxc3 Rc6 30. Bd4 Rc7 31. g4 Rb7 32. Kf3 hxg4+ 33. hxg4 Rb2 34. Kg3 Kf8 35. a4 Ke8 36. f3 Rb4 37. Kf4 f6 38. Kg3 e5 39. Bc5 Rc4 40. Ne4 f5 41. Nd6+ Kd7 42. Nxc4 1-0

[Event "*** SCC Grand Prix: Titled Tuesday Blitz"]
[Site "Chess.com"]
[Date "2020.07.07"]
[Round "9"]
[White "Manukyan_Artak"]
[Black "jonaszmb"]
[Result "1-0"]
[WhiteElo "2372"]
[BlackElo "2460"]
[TimeControl "180+1"]
[EndTime "11:45:31 PDT"]
[Termination "Manukyan_Artak won by checkmate"]

1. e4 c5 2. Nf3 d6 3. Bb5+ Bd7 4. Bxd7+ Qxd7 5. c4 Nf6 6. Nc3 g6 7. d4 cxd4 8. Nxd4 Bg7 9. f3 O-O 10. Be3 Nc6 11.
O-O a6 12. a4 Rac8 13. b3 Rfd8 14. Qd2 e6 15. Rfd1 d5 16. Nxc6 bxc6 17. exd5 cxd5 18.
cxd5 Nxd5 19. Nxd5 Qxd5 20. Qxd5 Rxd5 21. Rac1 Rxc1 22.
Rxc1 h5 23. b4 Bd4 24. Kf2 Kg7 25. Rb1 Bxe3+ 26. Kxe3 Rd6 27. b5 axb5 28. axb5 Rb6 29.
Kd4 Kf6 30. Kc5 Rb8 31. Kd6 Rd8+ 32. Kc7 Rd2 33. b6 Rc2+ 34. Kd8 Rd2+ 35. Ke8 Ra2 36. b7 Rxg2 37. b8=Q Kf5 38. Rb5+ Kf6 39. Qe5# 1-0

[Event "*** SCC Grand Prix: Titled Tuesday Blitz"]
[Site "Chess.com"]
[Date "2020.07.07"]
[Round "9"]
[White "mikheeva86"]
[Black "bmt011"]
[Result "0-1"]
[WhiteElo "1908"]
[BlackElo "2102"]
[TimeControl "180+1"]
[EndTime "11:45:31 PDT"]
[Termination "bmt011 won on time"]

1. e4 e6 2. d4 d5 3. e5 c5 4. c3 Nc6 5. Nf3 Qb6 6. a3 a5 7. b3 Bd7 8. Be2 Rc8 9. O-O cxd4 10. cxd4 Nge7 11. Be3 Nf5 12. Nc3 Na7 13. Nb1 Nc6 14.
Nc3 Nxe5 15. Nxe5 Rxc3 16. Bd3 Qxb3 17. Bxf5 Qxd1 18. Rfxd1 exf5 19. Rab1 b5 20. Nxd7 Kxd7 21. Rxb5 Kc6 22. Rxa5 Bxa3 0-1

[Event "*** SCC Grand Prix: Titled Tuesday Blitz"]
[Site "Chess.com"]
[Date "2020.07.07"]
[Round "9"]
[White "jefferyx"]
[Black "krzyzan94"]
[Result "1-0"]
[WhiteElo "2900"]
[BlackElo "2670"]
[TimeControl "180+1"]
[EndTime "11:45:32 PDT"]
[Termination "jefferyx won on time"]

1. e4 e5 2. Nf3 Nc6 3. d4 exd4 4. Nxd4 Nf6 5. Nc3 Bb4 6. Nxc6 bxc6 7. Bd3 d5 8. exd5 cxd5 9. O-O O-O 10. Qf3 c6 11. h3 Bd6 12. Bf4 Rb8 13. b3 Rb4 14.
Ne2 Ne4 15. Rfe1 Ng5 16. Qe3 Bxf4 17. Nxf4 Qf6 18. c4 dxc4 19. Bxc4 Ba6 20. Nd3 Rb6 21. Bxa6 Rxa6 22. Nc5 Ra5 23. Nd7 Qd8 24. Rad1 Ne6 25. Nxf8 Qxf8 26. Rd2 h6 27. Red1 Kh7 28. Qe4+ Kg8 29.
Qxc6 Rg5 30. g3 Kh7 31. Qe4+ Kg8 32. Rc1 Qb8 33. Rdc2 Qb6 34. Rc8+ Nd8 35. Kg2 Rg6 36. Rd1 1-0

[Event "*** SCC Grand Prix: Titled Tuesday Blitz"]
[Site "Chess.com"]
[Date "2020.07.07"]
[Round "9"]
[White "Tashik"]
[Black "szachuspl"]
[Result "0-1"]
[WhiteElo "2375"]
[BlackElo "2501"]
[TimeControl "180+1"]
[EndTime "11:45:32 PDT"]
[Termination "szachuspl won by resignation"]

1. c4 Nf6 2. Nc3 g6 3. e4 d6 4. d4 Bg7 5. f4 O-O 6. Nf3 c5 7. d5 e6 8. dxe6 Bxe6 9. Bd3 Nc6 10. f5 Bc8 11. O-O Nd7 12. Nd5 Nde5 13. Bf4 Nxf3+ 14. Rxf3 Ne5 15. Rg3 Re8 16. Bg5 f6 17. Be3 g5 18. b3 Bd7 19. Bc2 Bc6 20. Nc3 Kh8 21. Qh5 Qe7 22. Rd1 Bf8 23. h4 Qf7 24. Qxf7 Nxf7 25.
hxg5 fxg5 26. Bxg5 Nxg5 27. Rxg5 Bg7 28. Rxg7 Kxg7 29.
Rxd6 Rad8 30. Rxd8 Rxd8 31. Nd5 Bxd5 32. exd5 Kf6 33.
Kf2 Ke5 34. Ke3 Rg8 35. Be4 Rg3+ 36. Bf3 Kxf5 37. d6 Rg7 38. g3 Ke5 0-1

[Event "*** SCC Grand Prix: Titled Tuesday Blitz"]
[Site "Chess.com"]
[Date "2020.07.07"]
[Round "9"]
[White "grzechu96"]
[Black "Durarbayli"]
[Result "0-1"]
[WhiteElo "2670"]
[BlackElo "2814"]
[TimeControl "180+1"]
[EndTime "11:45:33 PDT"]
[Termination "Durarbayli won by resignation"]

1. e4 c5 2. Nf3 d6 3. d4 cxd4 4. Qxd4 Nc6 5. Qe3 g6 6. Be2 Bg7 7. O-O Nf6 8. h3 O-O 9. Rd1 Be6 10. Nc3 Qa5 11. a3 Rfc8 12. Rb1 Ne5 13. b4 Nxf3+ 14.
Bxf3 Qc7 15. Bb2 Nd7 16. Nb5 Qxc2 17. Bxg7 Kxg7 18. Nxa7 Rc3 19. Qd4+ Ne5 20. Nb5 Rxf3 21. gxf3 Qe2 22. Qe3 Qxb5 23. f4 Nc4 24. Qd4+ f6 25.
Rd3 Nxa3 26. Ra1 Nc2 0-1

[Event "*** SCC Grand Prix: Titled Tuesday Blitz"]
[Site "Chess.com"]
[Date "2020.07.07"]
[Round "9"]
[White "MiroVlasenko"]
[Black "2346PL"]
[Result "1-0"]
[WhiteElo "2613"]
[BlackElo "2407"]
[TimeControl "180+1"]
[EndTime "11:45:35 PDT"]
[Termination "MiroVlasenko won by resignation"]

1. d4 f5 2. Bf4 e6 3. e3 Be7 4.
Nf3 Nf6 5. h3 b6 6. Nbd2 Bb7 7.
Bd3 O-O 8. c3 h6 9. Qe2 Ne4 10.
O-O-O d6 11. g4 Nxd2 12. Kxd2 Nd7 13. gxf5 e5 14. dxe5 dxe5 15. Bg3 Nc5 16. Nxe5 Bxh1 17. Rxh1 Qd5 18. e4 Qd8 19. Kc2 Bf6 20. Bc4+ Kh7 21.
Ng6 Re8 22. e5 Qd7 23. Qg4 Bg5 24. Rd1 Qa4+ 25. Bb3 Qxg4 26. hxg4 Nxb3 27. axb3 Rad8 28. e6 Rxd1 29. Kxd1 Bf6 30. Bxc7 b5 31. Kc2 b4 32. Nf4 bxc3 33. bxc3 Rc8 34. Nd5 Kg8 35. c4 a6 36.
Kd3 Bg5 37. f3 Bf6 38. c5 Bg5 39. Kc4 Bf6 40. c6 Kf8 41. Kc5 Ke8 42. Kb6 1-0

[Event "*** SCC Grand Prix: Titled Tuesday Blitz"]
[Site "Chess.com"]
[Date "2020.07.07"]
[Round "9"]
[White "albi1999"]
[Black "EvgenyRomanov"]
[Result "1-0"]
[WhiteElo "2495"]
[BlackElo "2617"]
[TimeControl "180+1"]
[EndTime "11:45:37 PDT"]
[Termination "albi1999 won by resignation"]

1. d4 Nf6 2. c4 e6 3. Nf3 b6 4. g3 Bb7 5. Bg2 Bb4+ 6. Bd2 a5 7. O-O O-O 8. Bf4 Re8 9. c5 a4 10. a3 Ba5 11. Qxa4 Bd2 12. Qc2 Bxf4 13. gxf4 bxc5 14. dxc5 Be4 15. Qc1 Nd5 16. e3 Nc6 17. Nbd2 Bg6 18. b4 Qf6 19. Rd1 Bh5 20. Re1 e5 21. Nxe5 Nxe5 22. fxe5 Rxe5 23. f4 Rxe3 24. Bxd5 Rxe1+ 25. Qxe1 Qd4+ 26. Kf1 Qxd5 27. Qe4 Qxe4 28. Nxe4 Bf3 29.
Nc3 Kf8 30. a4 Ke7 31. Kf2 Bb7 32. Ke3 d6 33. Kd4 Rd8 34. Re1+ Kf6 35. Nd5+ Kf5 36. c6 Ba8 37. b5 1-0

[Event "*** SCC Grand Prix: Titled Tuesday Blitz"]
[Site "Chess.com"]
[Date "2020.07.07"]
[Round "9"]
[White "Onegust"]
[Black "SharapovEvgeny"]
[Result "1-0"]
[WhiteElo "2610"]
[BlackElo "2438"]
[TimeControl "180+1"]
[EndTime "11:45:38 PDT"]
[Termination "Onegust won by checkmate"]

1. e4 c6 2. d4 d5 3. e5 c5 4. dxc5 Nc6 5. a3 a5 6. Nf3 e6 7. Be3 Nge7 8. Bb5 Bd7 9. Nc3 Nf5 10. Qd2 Nxe3 11. Qxe3 Qc7 12. O-O Be7 13. Ba4 O-O 14.
Nb5 Qb8 15. Nd6 b6 16. Bxc6 Bxc6 17. Nd4 Qc7 18. cxb6 Qxb6 19. N4f5 Qc7 20. Nxe7+ Qxe7 21. Qc5 Bd7 22. b4 Rfc8 23. Nxc8 Qxc5 24. bxc5 Rxc8 25. Rab1 Rxc5 26. Rb8+ Bc8 27. Ra8 g5 28. h4 gxh4 29. Rb1 Kg7 30. Rbb8 Bd7 31. Rg8+ Kh6 32. Ra7 Bc6 33. Rxf7 Rxc2 34. f4 d4 35. Rf6+ Kh5 36.
Rg5# 1-0

[Event "*** SCC Grand Prix: Titled Tuesday Blitz"]
[Site "Chess.com"]
[Date "2020.07.07"]
[Round "9"]
[White "Alexsur1981"]
[Black "juniortay"]
[Result "0-1"]
[WhiteElo "2534"]
[BlackElo "2375"]
[TimeControl "180+1"]
[EndTime "11:45:38 PDT"]
[Termination "juniortay won by resignation"]

1. e4 e5 2. Nf3 Nf6 3. Nc3 Nc6 4.
d4 exd4 5. Nxd4 Bb4 6. Nxc6 bxc6 7. Qd4 d6 8. Qxb4 O-O 9. Bg5 h6 10. Bxf6 Qxf6 11. f3 Be6 12. Na4 Rab8 13. Qc3 Qh4+ 14.
g3 Qh5 15. Bg2 f5 16. exf5 Bxf5 17. O-O Qg6 18. Qxc6 Bxc2 19. b3 Bd3 20. Rfe1 Qf6 21.
Qxc7 Rbe8 22. Qc3 Qg6 23. Rad1 Bc2 24. Rc1 Bd3 25. Nb2 Bb5 26. Rxe8 Rxe8 27. Re1 Rxe1+ 28. Qxe1 Qc2 29. Qf2 Qb1+ 30. Bf1 Bxf1 31. Qxf1 Qxb2 32. Qc4+ Kh8 33. a4 Qd2 34. Qc8+ Kh7 35. Qf5+ Kh8 36. Qf8+ Kh7 37. Qf5+ Kh8 38. Qe4 Qd1+ 39. Kg2 Qxb3 40. Qd4 Qb6 41. g4 Qxd4 0-1

[Event "*** SCC Grand Prix: Titled Tuesday Blitz"]
[Site "Chess.com"]
[Date "2020.07.07"]
[Round "9"]
[White "Matols"]
[Black "Kotofeyca"]
[Result "1-0"]
[WhiteElo "2201"]
[BlackElo "2323"]
[TimeControl "180+1"]
[EndTime "11:45:39 PDT"]
[Termination "Matols won by resignation"]

1. d4 d5 2. c4 c6 3. Nf3 Nf6 4. e3 a6 5. b3 Bg4 6. Bb2 e6 7.
Bd3 Ne4 8. O-O f5 9. Nbd2 Nd7 10. Qc2 Bb4 11. a3 Bd6 12. Ne5 Bxe5 13. dxe5 Ndc5 14.
f3 Nxd2 15. Qxd2 dxc4 16. fxg4 Qxd3 17. Qf2 Ne4 18. Qf4 Qxb3 19. gxf5 Qxb2 20. Qxe4 O-O 21.
fxe6 Rae8 22. e7 Rxf1+ 23. Rxf1 b5 24. Qf5 h6 25. Qf7+ Kh7 26. Qxe8 Qxe5 27. Qf7 Qxe3+ 28.
Kh1 c3 29. e8=Q 1-0

[Event "*** SCC Grand Prix: Titled Tuesday Blitz"]
[Site "Chess.com"]
[Date "2020.07.07"]
[Round "9"]
[White "OnePeculiarConundrum"]
[Black "ElCoachRene"]
[Result "1-0"]
[WhiteElo "2356"]
[BlackElo "2215"]
[TimeControl "180+1"]
[EndTime "11:45:42 PDT"]
[Termination "OnePeculiarConundrum won by resignation"]

1. e4 Nc6 2. d4 d5 3. e5 f6 4. f4 Nh6 5. Nf3 Bg4 6. h3 Bxf3 7. gxf3 Nf5 8. c3 e6 9. Bd3 fxe5 10.
Bxf5 Qh4+ 11. Ke2 exf5 12. fxe5 Be7 13. Qe1 Qh5 14. Nd2 Bh4 15. Qg1 g6 16. Nf1 O-O-O 17. Ng3 Bxg3 18. Qxg3 Na5 19. Qg5 Qxg5 20. Bxg5 Rde8 21. b3 Nc6 22. Kd3 Nd8 23. h4 Ne6 24. Bd2 c5 25. Rag1 cxd4 26. cxd4 Kd7 27. h5 Rhg8 28.
hxg6 hxg6 29. Bg5 Nxg5 30. Rxg5 Ke6 31. Rh6 Kf7 32. f4 Rg7 33. Rg1 Rc8 34. Rh2 Rc6 35.
Rc2 Ke6 36. Rxc6+ bxc6 37. Kc3 Kf7 38. Kb4 Rh7 39. Kc5 Rh2 40. Kxc6 Rxa2 41. Kxd5 Rb2 42. Ra1 g5 43. fxg5 Kg6 44. e6 Rxb3 45. e7 Re3 46. Rxa7 Kxg5 47. Kd6 f4 48. Ra8 f3 49.
e8=Q Rxe8 50. Rxe8 Kg4 51. Rf8 Kg3 52. d5 f2 53.
Rxf2 Kxf2 54. Kc7 Ke3 55. d6 Kd4 56. d7 Ke5 57. d8=Q 1-0

[Event "*** SCC Grand Prix: Titled Tuesday Blitz"]
[Site "Chess.com"]
[Date "2020.07.07"]
[Round "9"]
[White "Flawless_Fighter"]
[Black "Tsyhanchuk_Stanislav"]
[Result "1-0"]
[WhiteElo "2577"]
[BlackElo "2428"]
[TimeControl "180+1"]
[EndTime "11:45:43 PDT"]
[Termination "Flawless_Fighter won on time"]

1. e4 c5 2. Nf3 Nc6 3. Bb5 d6 4. O-O Bd7 5. Re1 a6 6. Bxc6 Bxc6 7. d4 cxd4 8. Nxd4 Bd7 9. c3 Nf6 10. c4 e6 11. Nc3 Be7 12. Be3 O-O 13. f3 Rc8 14.
Qe2 Qc7 15. Rac1 Kh8 16. b3 Qa5 17. Kh1 Rfe8 18. Bd2 Qh5 19. Be3 d5 20. g4 Qh3 21.
e5 Ng8 22. cxd5 Ba3 23. Rc2 Bb4 24. dxe6 fxe6 25. Rec1 Ne7 26. Qg2 Qh4 27. Ne4 Rxc2 28. Nxc2 h6 29. Bf2 Qxf2 30. Qxf2 Ba5 31. Nd6 1-0

[Event "*** SCC Grand Prix: Titled Tuesday Blitz"]
[Site "Chess.com"]
[Date "2020.07.07"]
[Round "9"]
[White "Alopekos"]
[Black "RodinMihail"]
[Result "0-1"]
[WhiteElo "2370"]
[BlackElo "2483"]
[TimeControl "180+1"]
[EndTime "11:45:43 PDT"]
[Termination "RodinMihail won on time"]

1. e4 e5 2. Nf3 Nc6 3. Bb5 a6 4. Ba4 Bc5 5. Nxe5 Qe7 6. Bxc6 Qxe5 7. Bd5 Nf6 8. O-O O-O 9. c3 Nxe4 10. Bxf7+ Rxf7 11. d4 Qf5 12. dxc5 Nxc5 13. Be3 d6 14. Bxc5 Qxc5 15. Nd2 Bf5 16. Nb3 Qb6 17. Nd4 Qxb2 18.
Nxf5 Rxf5 19. Rb1 Qxc3 20. Rxb7 Raf8 21. Qe2 h6 22. h3 Qc5 23. Rb2 a5 24. Rc2 Qa7 25.
Qe6+ Kh8 26. Qd7 R5f7 27. Qc6 Qd4 28. a4 Qe5 29. Qb7 d5 0-1

[Event "*** SCC Grand Prix: Titled Tuesday Blitz"]
[Site "Chess.com"]
[Date "2020.07.07"]
[Round "9"]
[White "Nafania1"]
[Black "diablanni"]
[Result "0-1"]
[WhiteElo "2430"]
[BlackElo "2313"]
[TimeControl "180+1"]
[EndTime "11:45:43 PDT"]
[Termination "diablanni won on time"]

1. e4 c5 2. Nf3 Nc6 3. Bb5 Nf6 4. Bxc6 dxc6 5. d3 Bg4 6. Nbd2 Nd7 7. h3 Bh5 8. g4 Bg6 9. Nh4 e5 10. Ndf3 Be7 11.
Nf5 Bf8 12. N3h4 f6 13. Nxg6 hxg6 14. Ng3 g5 15. Qf3 Qb6 16. b3 O-O-O 17. Bb2 Qa5+ 18. c3 c4 19. dxc4 Nc5 20. b4 Qb6 21. Rd1 Rxd1+ 22. Qxd1 Ne6 23. Qd2 Nf4 24. Nf5 Rxh3 25.
Rxh3 Nxh3 26. c5 Qd8 27. Qxd8+ Kxd8 28. c4 Nf4 29. Kd2 Ne6 30. a3 g6 31. Ne3 Kc7 32. Kc2 a5 33. Kd3 b6 34. cxb6+ Kxb6 35. c5+ Kb5 36.
Kc3 a4 37. Nc4 Ka6 0-1

[Event "*** SCC Grand Prix: Titled Tuesday Blitz"]
[Site "Chess.com"]
[Date "2020.07.07"]
[Round "9"]
[White "Angel_Hranitel_37"]
[Black "nikitakhoroshev"]
[Result "0-1"]
[WhiteElo "2379"]
[BlackElo "2509"]
[TimeControl "180+1"]
[EndTime "11:45:44 PDT"]
[Termination "nikitakhoroshev won by checkmate"]

1. d4 Nf6 2. Nf3 c5 3. d5 d6 4. c4 g6 5. Qc2 Bg7 6. e4 O-O 7. Nc3 e6 8. Be2 exd5 9. cxd5 Re8 10. Nd2 a6 11. a4 Nh5 12. Bxh5 gxh5 13. O-O Nd7 14. f4 Nf6 15. Re1 Ng4 16. Nf3 Bd4+ 17. Nxd4 cxd4 18. Ne2 Qh4 19. Bd2 Qxh2+ 20. Kf1 Qh1+ 21. Ng1 Qh4 22. Nh3 Qg3 23. Ra3 Qh2 24. Qd3 f5 25. exf5 Rxe1+ 26. Bxe1 Ne3+ 27. Ke2 Qxg2+ 28. Nf2 Bxf5 29. Qxd4 Nc2 30. Qc3 Re8+ 31. Kd2 Qxd5+ 32. Kc1 Rxe1+ 33. Nd1 Qxd1# 0-1

[Event "*** SCC Grand Prix: Titled Tuesday Blitz"]
[Site "Chess.com"]
[Date "2020.07.07"]
[Round "9"]
[White "Korona_91"]
[Black "ChessLover0108"]
[Result "0-1"]
[WhiteElo "2488"]
[BlackElo "2698"]
[TimeControl "180+1"]
[EndTime "11:45:45 PDT"]
[Termination "ChessLover0108 won by resignation"]

1. e4 c5 2. Nf3 d6 3. Bb5+ Bd7 4. c4 Nf6 5. Nc3 g6 6. d4 cxd4 7. Nxd4 Bg7 8. O-O O-O 9. f3 a6 10. Bxd7 Nbxd7 11. b3 Rc8 12. Bb2 Nc5 13. Rc1 e6 14. Qd2 Nfd7 15. Nde2 Ne5 16. Rcd1 Ncd3 17. Ba3 Qb6+ 18. c5 dxc5 19. Qe3 Qa5 20. Bc1 Nxc1 21. Rxc1 c4 22. bxc4 Nxc4 23. Qf2 Nb2 24. Qe3 Nc4 25. Qf2 Rfd8 26. f4 Nd2 27. Rfd1 Bxc3 28. Rc2 Nxe4 29. Rxd8+ Rxd8 30. Qf1 Qb6+ 31. Kh1 Rd1 0-1

[Event "*** SCC Grand Prix: Titled Tuesday Blitz"]
[Site "Chess.com"]
[Date "2020.07.07"]
[Round "9"]
[White "ARMQUEEN"]
[Black "dennisodessa"]
[Result "1-0"]
[WhiteElo "2433"]
[BlackElo "2432"]
[TimeControl "180+1"]
[EndTime "11:45:46 PDT"]
[Termination "ARMQUEEN won on time"]

1. e4 e6 2. d4 d5 3. Bd3 dxe4 4. Bxe4 Nf6 5. Bf3 c5 6. Ne2 Nc6 7. Be3 e5 8. Bxc6+ bxc6 9. dxe5 Qxd1+ 10. Kxd1 Ng4 11.
Nd2 Be6 12. h3 Nxe5 13. Ne4 c4 14. N2c3 Be7 15. Ke2 O-O 16. Rhe1 a5 17. Nc5 Bd5 18. Kf1 Rfd8 19. N3a4 Rab8 20. Bf4 f6 21. b3 cxb3 22. axb3 Rb5 23. Be3 Ng6 24. c4 Bxc4+ 25. bxc4 Rb4 26. Rab1 Rxc4 27. Rec1 Ne5 28. Nb6 Rxc1+ 29. Rxc1 Bxc5 30.
Bxc5 Nd3 31. Rd1 1-0